Map: Simulacrum LE

Players

Ratl

  • Race: Protoss Protoss
  • League: Silver
  • Spawn Location: 11:00

Shaoran - Winner!

  • Race: Terran Terran
  • League: Gold
  • Spawn Location: 5:00

VOD

Have the link to the VOD?

Description

Time

  • Played on: Jan. 15, 2020, 12:24 p.m.
  • Length: 6:01
Show
View Real Time Build Order
Export as new Build Order

Ratl Protoss 

Build Orders:  

Get SALT Encoding   

  12  0:02  Probe  
  13  0:14  Probe  
  13  0:21  Pylon  
  14  0:26  Probe  
  15  0:39  Probe  
  16  0:43  Gateway  
  16  0:52  Probe (Chrono Boost)  
  17  1:00  Gateway  
  18  1:04  Probe (Chrono Boost)  
  18  1:05  Assimilator  
  18  1:12  Probe (Chrono Boost)  
  18  1:13  Assimilator  
  19  1:18  Probe  
  20  1:31  Probe  
  20  1:32  Cybernetics Core  
  21  1:43  Probe  
  22  1:55  Probe  
  23  2:08  Warp Gate (Chrono Boost)  
  23  2:16  Pylon  
  23  2:19  Pylon  
  23  2:34  Probe, Adept x2  
  28  2:42  Nexus  
  28  2:46  Probe  
  29  2:58  Probe  
  30  3:08  Stalker x2  
  30  3:10  Probe  
  35  3:22  Probe  
  36  3:28  Pylon  
  36  3:34  Probe  
  37  3:46  Probe  
  38  3:58  Probe  
  38  4:01  Probe  
  40  4:11  Probe  
  40  4:13  Probe  
  42  4:18  Stargate x2  
  42  4:21  Stargate  
  42  4:23  Probe  
  43  4:25  Probe, Stalker x2  
  48  4:36  Robotics Facility  
  48  4:46  Gateway  
  48  4:49  Stalker x2  
  52  5:01  Probe  
  52  5:02  Probe  
  58  5:09  Oracle  
  58  5:14  Probe (Chrono Boost)  
  59  5:18  Probe (Chrono Boost)  
  59  5:19  Assimilator, Stalker  
  61  5:21  Assimilator  
  61  5:25  Probe (Chrono Boost)  
  61  5:27  Pylon  
  62  5:36  Pylon  
  62  5:41  Probe x2  
  62  5:46  Stalker x3  
Show
View Real Time Build Order
Export as new Build Order

Shaoran Terran - Winner!

Build Orders:  

Get SALT Encoding   

  12  0:02  SCV  
  13  0:17  SCV, Supply Depot  
  14  0:32  SCV  
  15  0:41  Barracks  
  15  0:44  SCV  
  16  0:55  Refinery  
  16  0:56  SCV  
  17  1:08  SCV  
  18  1:20  SCV  
  19  1:33  SCV, Marine, Supply Depot  
  21  1:45  SCV  
  22  1:50  Engineering Bay  
  23  1:57  SCV  
  23  1:59  Barracks  
  23  2:00  Barracks Tech Lab  
  23  2:09  SCV  
  24  2:16  Refinery  
  24  2:19  Terran Infantry Weapons Level 1  
  24  2:21  SCV  
  24  2:22  Marauder  
  27  2:34  Orbital Command  
  27  2:50  Barracks Reactor  
  27  2:51  Marauder  
  29  3:00  Supply Depot  
  29  3:12  Marauder  
  31  3:22  Supply Depot  
  31  3:25  Command Center  
  31  3:33  Marine x2  
  33  3:35  Stimpack  
  33  3:37  Marauder  
  35  3:43  Supply Depot  
  35  3:58  Marine x2  
  35  3:59  Marauder  
  39  4:08  Supply Depot  
  39  4:22  Marauder  
  39  4:23  Marine x2  
  43  4:32  Factory  
  43  4:44  Marauder  
  45  4:54  Marine  
  46  5:00  Refinery  
  46  5:05  Marauder  
  48  5:11  Factory  
  48  5:26  Marauder  
  50  5:33  Marine x2  
Tags
 
Add a new tag
Caveats
  • Supply blocks, unpowered buildings, or Contaminate may cause inaccurate times.
  • Supply counts are checked every 10 seconds.